 Seeded DCSS version 0.27-a0-1612-gde56a17b89 (webtiles) character file.

Game seed: 20210721 (custom seed)

32924 muata the Executioner (level 13, -8/116 HPs)
             Began as a Minotaur Berserker on July 21, 2021.
             Was a High Priest of Trog.
             Killed from afar by an efreet (32 damage)
             ... with a bolt of fire
             ... summoned by a boggart
             ... on level 14 of the Dungeon on July 22, 2021.
             The game lasted 00:47:25 (16105 turns).

muata the Executioner (Minotaur Berserker)         Turns: 16105, Time: 00:47:26

Health: -8/116     AC: 23    Str: 29    XL:     13   Next: 34%
Magic:  11/12      EV: 11    Int:  4    God:    Trog [*****.]
Gold:   846        SH:  5    Dex: 11    Spells: 12/12 levels left

rFire    . . .     SeeInvis +   s - +3 battleaxe of Samm {flame, +Blink rF- Str+3 Stlth+}
rCold    . . .     Faith    .   (shield currently unavailable)
rNeg     + + +     Spirit   .   X - +5 scale mail of Shadows and Fog {-Cast rElec rN+++ SInv}
rPois    .         Reflect  +   (helmet restricted)
rElec    +         Harm     .   S - +2 cloak {Will+}
rCorr    .         Rampage  .   x - +2 pair of gloves {archery}
Will     +....     NoCast   +   H - +2 pair of boots
Stlth    +.........             O - amulet of reflection
HPRegen  0.29/turn              o - ring of protection from fire
MPRegen  0.13/turn              (no ring)

@: on berserk cooldown, slowed, very slow
A: horns 2, retaliatory headbutt
a: Renounce Religion, Evoke Blink, Berserk, Trog's Hand, Brothers in Arms


You were on level 14 of the Dungeon.
You worshipped Trog.
Trog was extremely pleased with you.
You visited 1 branch of the dungeon, and saw 14 of its levels.
You also visited: Sewer and Ossuary.

You collected 846 gold pieces.

Inventory:

Hand Weapons
 s - the +3 battleaxe of Samm (weapon) {flame, +Blink rF- Str+3 Stlth+}
   (Trog gifted it to you on level 14 of the Dungeon)

   It burns those it strikes, dealing additional fire damage.
   Big, fiery blades are also staple armaments of hydra-hunters.
   Str:       It affects your strength (+3).
   rF:        It makes you vulnerable to fire.
   +Blink:    It lets you blink.
   Stlth:     It makes you more stealthy.
 T - a +9 battleaxe of electrocution
Missiles
 a - 3 curare-tipped darts
 d - 53 poisoned darts (quivered)
 Q - 4 throwing nets
Armour
 x - a +2 pair of gloves of archery (worn)
 H - a +2 pair of boots (worn)
 S - a +2 cloak of willpower (worn)
 X - the +5 scale mail of Shadows and Fog (worn) {-Cast rElec rN+++ SInv}
   (You found it on level 12 of the Dungeon)

   rElec:     It insulates you from electricity.
   rN:        It renders you almost immune to negative energy.
   SInv:      It lets you see invisible.
   -Cast:     It prevents spellcasting.
Jewellery
 f - an amulet of the acrobat
 o - a ring of protection from fire (left hand)
 O - an amulet of reflection (around neck)
 W - a ring of willpower
 Y - a ring of resist corrosion
Wands
 y - a wand of paralysis (9)
 P - a wand of polymorph (16)
 Z - a wand of charming (5)
Scrolls
 b - a scroll of summoning {unknown}
 g - 5 scrolls of fog
 h - 2 scrolls of enchant weapon
 k - a scroll of identify
 l - a scroll of torment {unknown}
 r - 6 scrolls of teleportation
 v - 3 scrolls of amnesia {unknown}
 w - 4 scrolls of immolation
 D - 2 scrolls of holy word {unknown}
 G - 2 scrolls of magic mapping
 L - 2 scrolls of blinking {unknown}
 M - a scroll of fear {unknown}
 N - a scroll of acquirement {unknown}
Potions
 i - 4 potions of haste
 j - 2 potions of mutation {unknown}
 m - 4 potions of flight
 n - a potion of heal wounds
 p - a potion of berserk rage {unknown}
 q - a potion of attraction {unknown}
 A - 7 potions of curing
 C - a potion of lignification {unknown}
 E - 2 potions of ambrosia {unknown}
 I - 2 potions of degeneration {unknown}
 J - a potion of magic {unknown}
 K - 5 potions of might
Miscellaneous
 u - a condenser vane


   Skills:
 + Level 11.4 Fighting
 - Level 21.7 Axes
 + Level 7.8 Armour
 - Level 2.1 Dodging


You had 12 spell levels left.
You didn't know any spells.
Your spell library was empty.

Dungeon Overview and Level Annotations

Branches:
Dungeon (14/15)            Temple (0/1) D:4            Lair (0/6) D:11
    Orc (0/2) D:10         Vaults (0/5) D:14          Sewer (visited)
Ossuary (visited)

Altars:
Cheibriados
Dithmenos
Gozag
Hepliaklqana
Okawaru
Trog
The Shining One
Beogh

Shops:
D:5 =   D:9 (   D:13 :


Innate Abilities, Weirdness & Mutations

You have a pair of horns on your head.
You reflexively headbutt those who attack you in melee.


Message History

You feel sick. The meliai hits you with a +0 hand axe.
The meliai closely misses you.
The boggart gestures wildly while chanting.
The boggart blinks!
The meliai calls upon its god to heal the meliai.
The meliai is healed somewhat.
You slice the meliai!! You burn the meliai.
You kill the meliai!
The meliai's corpse dissolves into shadows!
You feel sick.
Cleave: s) +3 battleaxe of Samm {flame, +Blink rF- Str+3 Stlth+}
Press: ? - help, Dir - move target, f - efreet
Aim: an efreet, wielding a +1 scimitar of flaming (summoned, about 17% to evade the +3 battleaxe of Samm)
Okay, then.
Okay, then.
You feel sick.
You feel a strong urge to attack something.
You feel sick.
You feel sick.
You feel your anger nearly subside.
You are no longer berserk.
You are exhausted.
You feel yourself slow down.
You feel sick.
You feel sick.
Things that are here:
a +0 arbalest; 20 bolts; a yaktaur skeleton You feel sick.
You are no longer poisoned.
The efreet gestures at you.
The fireball explodes!
The fireball engulfs you!
* * * LOW HITPOINT WARNING * * *
The efreet gestures at you.
The fireball explodes!
The fireball engulfs you!
* * * LOW HITPOINT WARNING * * *
You hear a shout!
You feel much better.
You blink.
The efreet gestures at you. The bolt of fire hits you!!
You die...

#..#####.#.#...#.###.##.##
...☼.#...#.g....####
.##...
#....☼.#.#.#.y°......# ##
#. .....°###. .#...☼..)..#
. ##.... .. .##.R.))÷..#
#.##. .###.##....§...## ..
y. ..##.##.#.#.....##
#........#∩.....# ###.
#.....@#.###....#.....
#.....................
#......#.#.#...##....
#..............# ####
#######.).....##
#.##....## # ###.## ..#
....


You could see an efreet (summoned), a meliai (summoned) and a boggart
(invisible).

Vanquished Creatures
  A yaktaur captain (D:14)
  Harold (D:8)
  4 hydras
  Erolcha (D:12)
  2 boulder beetles
  7 two-headed ogres
  4 centaur warriors (D:13)
  The ghost of Aneyh the Carver, a novice TeAK of Lugonu (D:10)
  2 skeletal warriors (D:11)
  Pikel (D:5)
  3 deep elf pyromancers
  4 ugly things
  4 cyclopes
  A salamander (shapeshifter) (D:13)
  Joseph (D:10)
  4 gargoyles
  A komodo dragon (D:13)
  Psyche (D:9)
  2 yaktaurs (D:14)
  Grinder (D:6)
  3 trolls (D:10)
  2 hornets
  A wind drake (shapeshifter) (D:10)
  A meliai zombie (D:11)
  3 slime creatures (D:13)
  A yak (D:10)
  A vampire (D:11)
  A basilisk (D:10)
  3 wyverns
  Eustachio (D:6)
  2 steam dragons
  4 vampire mosquitoes (D:12)
  4 water moccasins (D:11)
  3 sky beasts (D:5)
  2 ice beasts
  7 orc warriors
  4 black bears
  2 boggarts (D:14)
  10 centaurs
  4 lemures (D:5)
  A phantom (D:6)
  A kobold brigand (D:9)
  6 bullfrogs
  3 gnoll sergeants
  A scorpion (D:5)
  2 water moccasin skeletons
  A killer bee (D:10)
  13 wights
  A vampire bat (D:5)
  A howler monkey (D:10)
  6 centaur zombies
  A bullfrog skeleton (D:5)
  Crazy Yiuf (D:7)
  2 gnoll shamans
  2 hounds (D:4)
  10 orc priests
  4 iguanas
  A scorpion zombie (D:5)
  6 orc wizards
  3 mummies
  A howler monkey zombie (D:7)
  24 gnolls
  8 adders
  A shadow imp (D:5)
  2 white imps (D:5)
  An ufetubus (D:6)
  An adder zombie (Ossuary)
  3 worms
  6 dart slugs
  3 fire bats (D:5)
  38 orcs
  2 spectral bats (D:5)
  10 bats
  3 bat skeletons (D:5)
  A bat zombie (D:5)
  9 endoplasms
  20 giant cockroaches
  13 goblins
  4 hobgoblins
  8 jackals
  17 quokkas
  15 ball pythons
  A bat simulacrum (D:5)
  9 frilled lizards
  2 goblin zombies (Ossuary)
  12 hobgoblin zombies (Ossuary)
  A jackal zombie (Ossuary)
  8 kobolds
  9 kobold zombies (Ossuary)
  7 orc zombies (Ossuary)
  5 rats
  A rat zombie (Ossuary)
416 creatures vanquished.

Vanquished Creatures (collateral kills)
  A gargoyle (D:10)
  A yak (D:10)
2 creatures vanquished.

Vanquished Creatures (others)
  22 fungi (D:11)
  10 plants (D:11)
32 creatures vanquished.

Grand Total: 450 creatures vanquished

Notes
Turn   | Place    | Note
-------+----------+-------------------------------------------
     0 | D:1      | muata the Minotaur Berserker began the quest for the Orb.
     0 | D:1      | Reached XP level 1. HP: 19/19 MP: 0/0
   384 | D:1      | Found a faded altar of an unknown god.
   434 | D:1      | Reached XP level 2. HP: 27/27 MP: 1/1
   532 | D:1      | Reached skill level 4 in Axes
  1062 | D:2      | Reached XP level 3. HP: 30/33 MP: 2/2
  1270 | D:2      | Reached ** piety under Trog
  1780 | D:3      | Reached XP level 4. HP: 41/41 MP: 3/3
  2216 | D:3      | Reached skill level 5 in Axes
  2716 | D:4      | Reached XP level 5. HP: 36/47 MP: 4/4
  2717 | D:4      | Reached skill level 5 in Fighting
  2717 | D:4      | Reached *** piety under Trog
  2816 | D:4      | Found a staircase to the Ecumenical Temple.
  3005 | D:4      | Noticed a black bear
  3010 | D:4      | Killed a black bear
  3011 | D:4      | Reached skill level 5 in Armour
  3011 | D:4      | Reached XP level 6. HP: 57/57 MP: 5/5
  3048 | D:4      | Found a glowing drain.
  3066 | Sewer    | Entered a sewer
  3162 | Sewer    | Reached skill level 6 in Axes
  3190 | Sewer    | Reached **** piety under Trog
  3338 | Sewer    | Reached XP level 7. HP: 46/64 MP: 6/6
  3893 | D:4      | Found a bloodstained altar of Trog.
  3893 | D:4      | Found a hazy altar of Hepliaklqana.
  4234 | D:5      | Entered Level 5 of the Dungeon
  4235 | D:5      | Found an iron altar of Okawaru.
  4245 | D:5      | Reached skill level 7 in Axes
  4515 | D:5      | Reached ***** piety under Trog
  4683 | D:5      | Found a shadowy altar of Dithmenos.
  4696 | D:5      | Noticed Pikel
  4709 | D:5      | Killed Pikel
  4710 | D:5      | Reached skill level 9 in Axes
  4710 | D:5      | Reached XP level 8. HP: 78/78 MP: 7/7
  4920 | D:5      | Found Hugotsop's Jewellery Shop.
  5150 | D:5      | Reached skill level 10 in Fighting
  5150 | D:5      | Reached skill level 10 in Axes
  5168 | D:6      | Reached XP level 9. HP: 85/85 MP: 8/8
  5215 | D:6      | Noticed Grinder
  5219 | D:6      | Paralysed by Grinder for 2 turns
  5226 | D:6      | Killed Grinder
  5243 | D:6      | Noticed Eustachio
  5254 | D:6      | Killed Eustachio
  5255 | D:6      | Reached skill level 11 in Axes
  5394 | D:6      | Found a sand-covered staircase.
  5402 | Ossuary  | Entered an ossuary
  5457 | Ossuary  | Received a gift from Trog
  5722 | D:6      | Reached skill level 12 in Axes
  6039 | D:6      | Noticed a gargoyle
  6043 | D:6      | Killed a gargoyle
  6048 | D:6      | Found a snail-covered altar of Cheibriados.
  6515 | D:7      | Found a glowing golden altar of the Shining One.
  6667 | D:7      | Reached skill level 13 in Axes
  6986 | D:7      | Found a runed translucent door.
  6987 | D:7      | Noticed Crazy Yiuf
  7812 | D:7      | Killed Crazy Yiuf
  7903 | D:8      | Noticed a two-headed ogre
  7912 | D:8      | Killed a two-headed ogre
  7913 | D:8      | Reached skill level 14 in Axes
  7913 | D:8      | Reached XP level 10. HP: 93/93 MP: 9/9
  8026 | D:8      | Found an opulent altar of Gozag.
  8464 | D:8      | Noticed Harold
  8471 | D:8      | Killed Harold
  8472 | D:8      | Reached skill level 15 in Axes
  8837 | D:9      | Noticed a deep elf pyromancer
  8843 | D:9      | Killed a deep elf pyromancer
  8941 | D:9      | Reached skill level 16 in Axes
  8946 | D:9      | Received a gift from Trog
  9276 | D:9      | Found Nempaupa's Antique Weapon Emporium.
  9504 | D:9      | Noticed Psyche
  9511 | D:9      | Killed Psyche
  9512 | D:9      | Reached XP level 11. HP: 87/99 MP: 10/10
  9785 | D:10     | Entered Level 10 of the Dungeon
  9869 | D:10     | Noticed a cyan ugly thing
  9874 | D:10     | Killed a cyan ugly thing
  9888 | D:10     | Noticed Joseph
  9896 | D:10     | Killed Joseph
  9897 | D:10     | Reached skill level 17 in Axes
 10086 | D:10     | Noticed a two-headed ogre
 10087 | D:10     | Noticed a boulder beetle
 10092 | D:10     | Killed a two-headed ogre
 10098 | D:10     | Killed a boulder beetle
 10230 | D:10     | Found a runed translucent gate.
 10231 | D:10     | Found a runed translucent gate.
 10231 | D:10     | Noticed Aneyh's ghost (novice TeAK)
 10232 | D:10     | Found a runed translucent gate.
 10234 | D:10     | Identified the +8 plate armour "Sugar" {rPois Regen+}
 10580 | D:10     | Found a staircase to the Orcish Mines.
 10596 | D:10     | Noticed a five-headed hydra
 10602 | D:10     | Killed an eight-headed hydra
 10603 | D:10     | Reached skill level 18 in Axes
 10622 | D:10     | Noticed a two-headed ogre
 10626 | D:10     | Killed a two-headed ogre
 10647 | D:10     | Noticed a four-headed hydra
 10658 | D:10     | Killed a seven-headed hydra
 11223 | D:10     | Reached skill level 19 in Axes
 11383 | D:10     | Killed Aneyh's ghost
 11681 | D:11     | Reached XP level 12. HP: 106/106 MP: 11/11
 11693 | D:11     | Noticed a two-headed ogre
 11708 | D:11     | Killed a two-headed ogre
 12135 | D:11     | Found a bloodstained altar of Trog.
 12192 | D:11     | Identified the +4 falchion "Qeumup Fumyd" {spect, Drain
                  | Will+++ Str+2 Stlth+}
 12217 | D:11     | Reached skill level 20 in Axes
 12432 | D:11     | Found a staircase to the Lair.
 12536 | D:11     | Noticed a boulder beetle
 12548 | D:11     | Killed a boulder beetle
 12780 | D:11     | Noticed a two-headed ogre
 12784 | D:11     | Killed a two-headed ogre
 13008 | D:12     | Noticed a two-headed ogre
 13011 | D:12     | Noticed a two-headed ogre
 13012 | D:12     | Killed a two-headed ogre
 13017 | D:12     | Killed a two-headed ogre
 13145 | D:12     | Noticed Erolcha
 13151 | D:12     | Killed Erolcha
 13168 | D:12     | Reached skill level 21 in Axes
 13177 | D:12     | Identified the +5 scale mail of Shadows and Fog {-Cast
                  | rElec rN+++ SInv}
 13338 | D:13     | Noticed a centaur warrior
 13338 | D:13     | Noticed a centaur warrior
 14593 | D:13     | Killed a centaur warrior
 14608 | D:13     | Noticed an eight-headed hydra
 14618 | D:13     | Killed a 13-headed hydra
 14930 | D:13     | Killed a centaur warrior
 14931 | D:13     | Reached XP level 13. HP: 101/113 MP: 12/12
 15098 | D:13     | Found Guwkerae's Book Emporium.
 15866 | D:14     | Found a gate to the Vaults.
 15876 | D:14     | Identified the +3 battleaxe of Samm {flame, +Blink rF-
                  | Str+3 Stlth+} (Trog gifted it to you on level 14 of the
                  | Dungeon)
 15876 | D:14     | Received a gift from Trog
 16105 | D:14     | Killed from afar by an efreet

Illustrated notes

Levels and vault maps discovered:
D:1:      dpeg_arrival_rooms_c, layout_basic, hellmonk_ecumenical_altar_run_dry,
          hangedman_feature_mirror
D:2:      minmay_spotlight, layout_rooms, serial_forest,
          infiniplex_forest_lined_3, infiniplex_forest_clump_tiny,
          infiniplex_forest_clump_double, infiniplex_forest_clump_small,
          infiniplex_forest_diagonal, infiniplex_forest_lined_room_,
          minmay_goblin_kobold_house
D:3:      layout_basic, nicolae_underground_beach
D:4:      layout_loops_ring, gammafunk_temple_overflow_statue,
          minmay_temple_entry_from_below_a, portal_sewer_entry_f,
          chequers_serial_rivers_small_b
D:5:      layout_basic, okawaru_metal_pillars_1_2,
          nicolae_dithmenos_the_darkroom, serial_shops,
          nicolae_shop_behind_doors, minmay_misc_feat_secret_circle,
          serial_bayou_pond_d, goddamned_bats, uniq_pikel
D:6:      layout_cave_pools, marbit_many_paths, gup_ossuary_entry_pyramid,
          st_stairs_6, minmay_misc_feat_encased, uniq_eustachio, uniq_grinder
D:7:      layout_basic, mainiacjoe_overflow_alcove_2, uniq_crazy_yiuf_cottage
D:8:      layout_loops_ring, mainiacjoe_overflow_alcove_4, uniq_harold
D:9:      layout_roguey, serial_shops, nicolae_lakefront_shop, minivault_1,
          uniq_psyche
D:10:     wad_arrow_thing, layout_basic, biasface_ghost_orc_armoury,
          lightli_fourway_metalbox, uniq_joseph
D:11:     layout_basic, due_lair_maze_entry_diamond, david_defended_altar_orc
D:12:     layout_big_octagon, uniq_fannar, uniq_erolcha
D:13:     layout_basic, serial_shops, shop
D:14:     layout_loops_cross, david_vaults_2, serial_co_window_serial,
          co_window_corner_a, co_window_of_opportunity_a,
          co_window_of_opportunity_a, co_window_of_opportunity_a,
          co_window_paths_b, co_window_paths_a, co_window_corner_a,
          co_window_paths_a, co_window_of_opportunity_a,
          co_window_of_opportunity_b, co_window_of_opportunity_b,
          co_window_2corner, co_window_cross_4, co_window_corner_cb,
          co_window_broadway_a, co_window_paths_d, co_window_4corner_b,
          glass_columns_b, glass_columns_c, glass_columns_a

Skill      XL: |  1  2  3  4  5  6  7  8  9 10 11 12 13 |
---------------+----------------------------------------+-----
Fighting       | 4 5 6 9 10 11 | 11.4
Axes           | 4 5 6 9 10 14 16 19 21 | 21.7
Armour         | 3 4 5 7 |  7.8
Dodging        | |  2.1

Action                   |  1- 3 |  4- 6 |  7- 9 | 10-12 | 13-15 || total
-------------------------+-------+-------+-------+-------+-------++-------
Melee: Hand axe          |    74 |    31 |       |       |       ||   105
       Headbutt          |     8 |    18 |    45 |    52 |     9 ||   132
       War axe           |       |   145 |   191 |    65 |       ||   401
       Dagger            |       |       |    52 |       |       ||    52
       Battleaxe         |       |       |       |   234 |    59 ||   293
Invok: Berserk           |     1 |     3 |     9 |    11 |     2 ||    26
       Trog's Hand       |       |     1 |     3 |     1 |       ||     5
       Brothers in Arms  |       |       |       |     1 |       ||     1
 Abil: Evoke Blink       |       |       |       |       |     1 ||     1
  Use: Scroll            |       |     4 |       |    19 |       ||    23
       Potion            |       |       |       |       |     1 ||     1
 Stab: Sleeping          |     1 |       |       |       |       ||     1
Armor: Animal skin       |    15 |       |       |       |       ||    15
       Ring mail         |     2 |    14 |       |       |       ||    16
       Scale mail        |       |    56 |   138 |    66 |    44 ||   304
       Plate armour      |       |       |       |    95 |       ||    95
Dodge: Dodged            |    71 |   164 |   217 |   170 |    24 ||   646
Block: Other             |       |       |       |    14 |    20 ||    34
       Reflection        |       |       |       |    12 |     2 ||    14

Table legend: (Time is in decaauts)
 A = Elapsed time spent in this place.
 B = Non-inter-level travel time spent in this place.
 C = Inter-level travel time spent in this place.
 D = Time resting spent in this place.
 E = Time spent auto-exploring this place.
 F = Levels seen in this place.
 G = Mean time per level.
                   A        B        C        D        E       F      G
               +--------+--------+--------+--------+--------+-----+--------+
         Total |  16424 |  16082 |    342 |   2984 |   9264 |  16 | 1026.5 |
       Dungeon |  15511 |  15169 |    342 |   2877 |   9093 |  14 | 1107.9 |
         Sewer |    610 |    610 |      0 |     69 |    171 |   1 |  610.0 |
       Ossuary |    302 |    302 |      0 |     38 |      0 |   1 |  302.0 |
               +--------+--------+--------+--------+--------+-----+--------+

Top non-repeatable levels by time:
    D:10: 1755 daAuts
     D:7: 1716 daAuts
    D:12: 1661 daAuts
    D:11: 1488 daAuts
     D:4: 1097 daAuts
    D:13: 1002 daAuts
     D:1: 977 daAuts
     D:3: 968 daAuts
     D:9: 962 daAuts
     D:8: 960 daAuts
     D:5: 945 daAuts
     D:2: 780 daAuts
     D:6: 751 daAuts
   Sewer: 610 daAuts
    D:14: 444 daAuts
